Griffins vs Admirals
Created - March 30, 2022 at 19:16
Goals
|
Griffins |
1 |
0 |
1 |
2 |
Admirals |
0 |
1 |
4 |
5 |
|
Shots
|
Griffins |
10 |
8 |
13 |
31 |
Admirals |
5 |
16 |
14 |
35 |
|
1st period
1. Griffins , Adam Gaudette 25 (Riley Armstrong 36, Lucas Lessio 29) at 3:37
Penalties :
Travis Dermott (Mil) for High sticking (Minor) at 9:07, Danny Kristo (Gra) for Checking from behind (Minor) at 12:03
2nd period
2. Admirals , Nicolas Kerdiles 36 (Markus Granlund 30) at 3:38
Penalties :
Riley Armstrong (Gra) for Holding (Minor) at 3:45, Riley Armstrong (Gra) for Hooking (Minor) at 6:48
3rd period
3. Admirals , Joel Armia 11 (Nicolas Kerdiles 35, Markus Granlund 31) at 1:36
4. Admirals , Nicolas Kerdiles 37 (Travis Dermott 18, Markus Granlund 32) at 2:17 (PP)
5. Admirals , Joel Armia 12 (Markus Granlund 33, Mattias Backman 17) at 6:03
6. Griffins , Vladislav Namestnikov 7 (Sonny Milano 14, Ian McCoshen 3) at 6:54
7. Admirals , Blake Geoffrion 18 (Kasper Bjorkqvist 7, Carl Dahlstrom 3) at 17:03
Penalties :
Riley Armstrong (Gra) for Holding Stick (Minor) at 2:10, Travis Dermott (Mil) for Roughing (Minor) at 2:27, Andreas Englund (Mil) for Delaying the game (Minor) at 7:04, Phil Oreskovic (Gra) for Slashing (Minor) at 10:16
Goalie Stats
Marcus Hogberg (Gra), 30 saves from 35 shots - (0.857), L, 4-1-2, 60:00 minutes
Tristan Jarry (Mil), 29 saves from 31 shots - (0.935), W, 10-14-3, 60:00 minutes
Players Stats for Griffins
Player Name G A P +/- PIM S H SB GA TA FO MP PP MP PK MP
------------------------------------------------------------------------------------
Adam Gaudette 1 0 1 -1 0 5 1 0 1 2 1/1 18:39 2:59 0:42
Brendan Woods 0 0 0 -1 0 1 3 0 0 0 0/0 17:22 0:09 5:06
Danny Kristo 0 0 0 -1 2 3 2 0 0 0 0/0 17:47 2:49 1:43
Dmitri Orlov 0 0 0 -2 0 1 0 1 2 1 0/0 22:12 3:35 0:00
Filip Hronek 0 0 0 0 0 1 0 0 0 1 0/0 14:11 0:00 1:05
Garrett Wilson 0 0 0 -1 0 1 1 0 0 0 0/0 8:31 0:09 0:00
Greg McKegg 0 0 0 -1 0 0 2 0 0 0 1/4 9:38 0:00 1:07
Ian McCoshen 0 1 1 -1 0 0 1 1 0 1 0/0 13:17 0:00 4:56
Lucas Lessio 0 1 1 -1 0 3 2 0 0 1 5/15 22:45 2:59 4:45
Martin Frk 0 0 0 1 0 2 0 0 0 0 0/0 11:58 2:31 0:00
Mathew Barzal 0 0 0 -1 0 2 0 1 0 0 5/13 15:47 2:49 0:00
Patrick Wiercioch 0 0 0 0 0 2 1 0 0 2 0/0 16:28 0:00 3:07
Phil Oreskovic 0 0 0 -2 2 1 2 3 1 2 0/0 24:58 2:22 3:42
Riley Armstrong 0 1 1 -1 6 2 1 0 0 0 17/25 17:57 2:59 0:00
Ryan Lindgren 0 0 0 1 0 0 0 0 0 0 0/0 6:25 0:00 0:09
Ryan Pulock 0 0 0 0 0 0 0 0 0 0 0/0 20:09 3:35 3:07
Sonny Milano 0 1 1 1 0 4 0 0 1 0 0/0 13:57 2:49 0:32
Troy Terry 0 0 0 -1 0 1 0 0 0 0 0/0 8:16 0:00 0:00
Vladislav Namestnikov 1 0 1 1 0 2 1 0 0 1 2/4 11:35 0:00 2:11
Players Stats for Admirals
Player Name G A P +/- PIM S H SB GA TA FO MP PP MP PK MP
------------------------------------------------------------------------------------
Andreas Englund 0 0 0 -1 2 2 1 4 0 0 0/0 28:51 5:00 2:18
Anton Gustafsson 0 0 0 0 0 1 3 0 0 1 4/6 16:39 2:58 1:45
Blake Geoffrion 1 0 1 0 0 6 0 1 0 0 1/1 13:00 0:04 1:24
Brett Connolly 0 0 0 0 0 1 1 0 0 0 0/0 7:55 0:00 0:00
Carl Dahlstrom 0 1 1 4 0 0 0 1 0 1 0/0 14:41 0:00 0:53
Christian Djoos 0 0 0 -1 0 0 0 2 0 0 0/0 13:16 0:00 2:31
Freddie Hamilton 0 0 0 0 0 0 1 0 0 0 3/3 7:41 0:04 0:00
Hunter Shinkaruk 0 0 0 0 0 2 3 0 0 0 0/0 8:05 0:28 0:00
Joel Armia 2 0 2 2 0 5 1 2 1 0 1/2 20:01 4:37 0:00
Kasper Bjorkqvist 0 1 1 0 0 0 0 1 0 1 0/1 14:12 3:23 0:00
Lucas Wallmark 0 0 0 0 0 1 0 1 0 0 2/4 11:03 0:00 0:00
Mark McNeill 0 0 0 0 0 0 3 0 0 0 0/0 13:02 0:00 1:39
Markus Granlund 0 4 4 2 0 5 0 0 2 0 19/39 22:54 4:36 2:54
Mattias Backman 0 1 1 4 0 0 1 1 0 0 0/0 19:49 3:03 2:16
Nicolas Deslauriers 0 0 0 0 0 0 0 1 0 0 0/2 15:11 3:23 1:18
Nicolas Kerdiles 2 1 3 2 0 8 0 0 3 1 1/4 22:54 4:36 2:54
Olli Juolevi 0 0 0 -1 0 0 0 1 0 0 0/0 16:47 3:03 2:48
Travis Dermott 0 1 1 -1 4 4 0 1 5 1 0/0 23:50 5:00 1:08
Trevor Van Riemsdyk 0 0 0 0 0 0 0 0 0 0 0/0 4:09 0:00 0:00
3 Stars
1 - Nicolas Kerdiles (Mil)
2 - Joel Armia (Mil)
3 - Markus Granlund (Mil)
Power Play
Griffins - 0 on 3 Attempt(s) - 0.00%
Admirals - 1 on 5 Attempt(s) - 20.00%
Penalty Kill
Griffins - 4 on 5 Attempt(s) - 80.00%
- Score 0 goal in Penalty Kill
Admirals - 3 on 3 Attempt(s) - 100.00%
- Score 0 goal in Penalty Kill
Team Stat
Griffins - Hits : 17 - Faceoff Wins : 31 - Blocked Shots : 6 - Penalty Minutes : 10
Admirals - Hits : 14 - Faceoff Wins : 31 - Blocked Shots : 16 - Penalty Minutes : 6
Official
Referees : Marc Joannette and Brian Pochmara
Linesman : Greg Devorski and Ryan Galloway
Game Notes
1:20 of 3rd period - Griffins goal is going for a video replay. After video review, No Goal. The puck has been kicked using a distinct kicking motion.
Finance
Level 1 -- Attendance: 1935 (96.75%) -- Ticket Income $67,725
Level 2 -- Attendance: 993 (99.30%) -- Ticket Income $14,895
Total Attendance: 2928 (97.60%)
Total Ticket Income: $82,620
Other Income: $4,131
Total Income: $86,751
Griffins
5 vs 5 Forward
Center Left Wing Right Wing Time % Phy DF OF
1 Riley Armstrong Lucas Lessio Adam Gaudette 37 1 2 2
2 Mathew Barzal Brendan Woods Danny Kristo 33 0 2 3
3 Vladislav Namestnikov Sonny Milano Martin Frk 20 0 3 2
4 Greg McKegg Garrett Wilson Troy Terry 10 0 3 2
5 vs 5 Defense
Defense Defense Time % Phy DF OF
1 Dmitri Orlov Phil Oreskovic 40 1 2 2
2 Patrick Wiercioch Ryan Pulock 30 1 2 2
3 Ian McCoshen Filip Hronek 20 1 2 2
4 Ryan Lindgren Filip Hronek 10 1 2 2
PowerPlay Forward
Center Left Wing Right Wing Time % Phy DF OF
1 Riley Armstrong Lucas Lessio Adam Gaudette 55 1 1 3
2 Mathew Barzal Sonny Milano Danny Kristo 45 1 1 3
PowerPlay Defense
Defense Defense Time % Phy DF OF
1 Dmitri Orlov Ryan Pulock 55 0 2 3
2 Phil Oreskovic Martin Frk 45 0 2 3
Penalty Kill 4 Players Forward
Center Wing Time % Phy DF OF
1 Lucas Lessio Brendan Woods 60 1 2 2
2 Vladislav Namestnikov Danny Kristo 40 1 2 2
Penalty Kill 4 Players Defense
Defense Defense Time % Phy DF OF
1 Ian McCoshen Phil Oreskovic 60 1 2 2
2 Patrick Wiercioch Ryan Pulock 40 1 2 2
Penalty Kill - 3 Players Forward
Forward Time % Phy DF OF
1 Brendan Woods 60 1 2 2
2 Danny Kristo 40 1 2 2
Penalty Kill - 3 Players Defense
Defense Defense Time % Phy DF OF
1 Ian McCoshen Phil Oreskovic 60 1 2 2
2 Patrick Wiercioch Ryan Pulock 40 1 2 2
4 vs 4 Forward
Center Wing Time % Phy DF OF
1 Riley Armstrong Adam Gaudette 60 1 2 2
2 Mathew Barzal Brendan Woods 40 1 2 2
4 vs 4 Defense
Defense Defense Time % Phy DF OF
1 Dmitri Orlov Phil Oreskovic 60 1 2 2
2 Patrick Wiercioch Ian McCoshen 40 1 2 2
Last Minutes Offensive
Center Left Wing Right Wing Defense Defense
Riley Armstrong Lucas Lessio Adam Gaudette Dmitri Orlov Phil Oreskovic
Last Minutes Defensive
Center Left Wing Right Wing Defense Defense
Riley Armstrong Brendan Woods Danny Kristo Patrick Wiercioch Phil Oreskovic
Goaltenders
Starting : Marcus Hogberg
Backup : Olivier Roy
Extra Forwards
Normal : Brendan Woods, Lucas Lessio, Garrett Wilson - PP : Brendan Woods, Lucas Lessio - PK : Brendan Woods
Extra Defensemen
Normal : Ryan Pulock, Ian McCoshen, Ryan Lindgren - PP : Ryan Pulock - PK : Filip Hronek, Ryan Lindgren
Penalty Shots
Adam Gaudette, Sonny Milano, Danny Kristo, Vladislav Namestnikov, Troy Terry
Scratches
Jack Ramsey (Healthy), Jordan Weal (Healthy), Konrad Abeltshauser (Healthy), Marcus Pettersson (Healthy), Michael Bunting (Healthy)
Nikita Pavlychev (Healthy), Ryan Mantha (Healthy), Tanner Kero (Healthy), Tomas Hyka (Healthy), Philippe Desrosiers (Healthy)
Adam Werner (Healthy)
Admirals
5 vs 5 Forward
Center Left Wing Right Wing Time % Phy DF OF
1 Markus Granlund Nicolas Kerdiles Joel Armia 40 1 2 2
2 Anton Gustafsson Nicolas Deslauriers Mark McNeill 30 1 2 2
3 Lucas Wallmark Blake Geoffrion Kasper Bjorkqvist 20 1 2 2
4 Freddie Hamilton Hunter Shinkaruk Brett Connolly 10 1 2 2
5 vs 5 Defense
Defense Defense Time % Phy DF OF
1 Andreas Englund Travis Dermott 40 1 2 2
2 Carl Dahlstrom Mattias Backman 30 1 2 2
3 Christian Djoos Olli Juolevi 20 1 2 2
4 Andreas Englund Trevor Van Riemsdyk 10 1 2 2
PowerPlay Forward
Center Left Wing Right Wing Time % Phy DF OF
1 Markus Granlund Nicolas Kerdiles Joel Armia 60 1 2 2
2 Anton Gustafsson Nicolas Deslauriers Kasper Bjorkqvist 40 1 2 2
PowerPlay Defense
Defense Defense Time % Phy DF OF
1 Andreas Englund Travis Dermott 60 1 2 2
2 Mattias Backman Olli Juolevi 40 1 2 2
Penalty Kill 4 Players Forward
Center Wing Time % Phy DF OF
1 Markus Granlund Nicolas Kerdiles 60 1 2 2
2 Anton Gustafsson Mark McNeill 40 1 2 2
Penalty Kill 4 Players Defense
Defense Defense Time % Phy DF OF
1 Andreas Englund Travis Dermott 60 1 2 2
2 Christian Djoos Mattias Backman 40 1 2 2
Penalty Kill - 3 Players Forward
Forward Time % Phy DF OF
1 Markus Granlund 60 1 2 2
2 Mark McNeill 40 1 2 2
Penalty Kill - 3 Players Defense
Defense Defense Time % Phy DF OF
1 Andreas Englund Travis Dermott 60 1 2 2
2 Carl Dahlstrom Mattias Backman 40 1 2 2
4 vs 4 Forward
Center Wing Time % Phy DF OF
1 Markus Granlund Nicolas Kerdiles 60 1 2 2
2 Anton Gustafsson Joel Armia 40 1 2 2
4 vs 4 Defense
Defense Defense Time % Phy DF OF
1 Andreas Englund Travis Dermott 60 1 2 2
2 Christian Djoos Mattias Backman 40 1 2 2
Last Minutes Offensive
Center Left Wing Right Wing Defense Defense
Markus Granlund Nicolas Kerdiles Joel Armia Andreas Englund Travis Dermott
Last Minutes Defensive
Center Left Wing Right Wing Defense Defense
Markus Granlund Nicolas Kerdiles Mark McNeill Mattias Backman Andreas Englund
Goaltenders
Starting : Tristan Jarry
Backup : Felix Sanstrom
Extra Forwards
Normal : Nicolas Deslauriers, Hunter Shinkaruk, Brett Connolly - PP : Nicolas Deslauriers, Hunter Shinkaruk - PK : Nicolas Deslauriers
Extra Defensemen
Normal : Carl Dahlstrom, Olli Juolevi, Travis Dermott - PP : Carl Dahlstrom - PK : Olli Juolevi, Travis Dermott
Penalty Shots
Anton Gustafsson, Nicolas Kerdiles, Markus Granlund, Blake Geoffrion, Joel Armia
Scratches
Adam Almquist (Healthy), Alexandre Mallet (Healthy), Chris Lawrence (Healthy), Filip Chlapik (Healthy), Josh Wesley (Healthy)
Mark MacMillan (Healthy), Riley Barber (Healthy), Ryan Olsen (Healthy), Sergei Zborovskiy (Healthy), Stanislav Galiev (Healthy)
T.J Brodie (Healthy), Troy Bourke (Healthy), Carsen Twarynski (Healthy), Libor Hajek (Healthy), Linus Ullmark (Healthy)
% Time on Ice - Griffins
Lines # - Real PCT - Wanted PCT - Time Play
Normal Forward
1 - 33% - 37% - 15:22
2 - 28% - 33% - 13:01
3 - 20% - 20% - 9:21
4 - 18% - 10% - 8:16
Normal Defense
1 - 43% - 40% - 19:33
2 - 29% - 30% - 13:21
3 - 16% - 20% - 7:25
4 - 12% - 10% - 5:41
PP Forward
1 - 53% - 55% - 3:08
2 - 47% - 45% - 2:49
PP Defense
1 - 60% - 55% - 3:35
2 - 40% - 45% - 2:22
PK Forward
1 - 73% - 60% - 5:52
2 - 27% - 40% - 2:11
PK Defense
1 - 61% - 60% - 4:56
2 - 39% - 40% - 3:07
PK3 Forward
1 - 0% - 60%
2 - 0% - 40%
PK3 Defense
1 - 0% - 60%
2 - 0% - 40%
44 Forward
1 - 0% - 60%
2 - 0% - 40%
44 Defense
1 - 0% - 60%
2 - 0% - 40%
Last Minute Offensive - 0:00
Last Minute Defensive - 0:00
Total
Forward - 60:00
Defense - 60:00
|
% Time on Ice - Admirals
Lines # - Real PCT - Wanted PCT - Time Play
Normal Forward
1 - 35% - 40% - 15:53
2 - 25% - 30% - 11:27
3 - 24% - 20% - 11:03
4 - 17% - 10% - 7:37
Normal Defense
1 - 38% - 40% - 17:18
2 - 32% - 30% - 14:45
3 - 21% - 20% - 9:48
4 - 9% - 10% - 4:09
PP Forward
1 - 58% - 60% - 4:40
2 - 42% - 40% - 3:23
PP Defense
1 - 62% - 60% - 5:00
2 - 38% - 40% - 3:03
PK Forward
1 - 72% - 60% - 4:18
2 - 28% - 40% - 1:39
PK Defense
1 - 62% - 60% - 3:41
2 - 38% - 40% - 2:16
PK3 Forward
1 - 0% - 60%
2 - 0% - 40%
PK3 Defense
1 - 0% - 60%
2 - 0% - 40%
44 Forward
1 - 0% - 60%
2 - 0% - 40%
44 Defense
1 - 0% - 60%
2 - 0% - 40%
Last Minute Offensive - 0:00
Last Minute Defensive - 0:00
Total
Forward - 60:00
Defense - 60:00
|
Play-by-Play
1st period
0:01 of 1st period - Riley Armstrong wins face-off versus Nicolas Kerdiles in neutral zone.
0:28 of 1st period - Dmitri Orlov is hit by Mark McNeill and loses puck.
0:51 of 1st period - Snap shot by Sonny Milano.
0:51 of 1st period - Stopped by Tristan Jarry with a rebound.
0:53 of 1st period - Slapshot by Phil Oreskovic.
0:53 of 1st period - Shot Blocked by Mattias Backman.
0:55 of 1st period - Slapshot by Dmitri Orlov.
0:55 of 1st period - Stopped by Tristan Jarry with a rebound.
1:05 of 1st period - Garrett Wilson is hit by Freddie Hamilton and loses puck.
2:39 of 1st period - Wrist shot by Blake Geoffrion.
2:39 of 1st period - Stopped by Marcus Hogberg with a rebound.
2:59 of 1st period - Slapshot by Freddie Hamilton.
2:59 of 1st period - Shot Blocked by Phil Oreskovic.
3:15 of 1st period - Martin Frk is hit by Anton Gustafsson and loses puck.
3:30 of 1st period - Olli Juolevi is hit by Riley Armstrong and loses puck.
3:37 of 1st period - Slapshot by Adam Gaudette.
3:37 of 1st period - Goal by Adam Gaudette - Griffins : 1 - Admirals : 0.
3:38 of 1st period - Lucas Lessio wins face-off versus Markus Granlund in neutral zone.
4:24 of 1st period - Off-side.
4:25 of 1st period - Blake Geoffrion wins face-off versus Greg McKegg in neutral zone.
4:28 of 1st period - Snap shot by Blake Geoffrion.
4:28 of 1st period - Stopped by Marcus Hogberg with a rebound.
4:36 of 1st period - Wrist shot by Blake Geoffrion.
4:36 of 1st period - Stopped by Marcus Hogberg with a rebound.
5:21 of 1st period - Icing by Nicolas Deslauriers.
5:22 of 1st period - Riley Armstrong wins face-off versus Anton Gustafsson in Admirals zone.
6:12 of 1st period - Martin Frk is hit by Hunter Shinkaruk and loses puck.
6:29 of 1st period - Andreas Englund is hit by Garrett Wilson and loses puck.
7:16 of 1st period - Snap shot by Brendan Woods.
7:16 of 1st period - Shot Misses the Net.
7:24 of 1st period - Brendan Woods is hit by Andreas Englund and loses puck.
8:40 of 1st period - Wrist shot by Adam Gaudette.
8:40 of 1st period - Stopped by Tristan Jarry without a rebound.
8:41 of 1st period - Riley Armstrong wins face-off versus Markus Granlund in Admirals zone.
8:50 of 1st period - Snap shot by Riley Armstrong.
8:50 of 1st period - Stopped by Tristan Jarry without a rebound.
8:51 of 1st period - Adam Gaudette wins face-off versus Markus Granlund in Admirals zone.
9:07 of 1st period - Minor Penalty to Travis Dermott for High sticking.
9:08 of 1st period - Markus Granlund wins face-off versus Riley Armstrong in Admirals zone.
9:08 of 1st period - Markus Granlund is hit by Lucas Lessio.
10:40 of 1st period - Icing by Riley Armstrong.
10:41 of 1st period - Riley Armstrong wins face-off versus Nicolas Deslauriers in Griffins zone.
10:58 of 1st period - Phil Oreskovic is hit by Mark McNeill and loses puck.
11:05 of 1st period - Phil Oreskovic is hit by Anton Gustafsson and loses puck.
11:07 of 1st period - Penalty to Travis Dermott is over, Travis Dermott is back on ice.
11:26 of 1st period - Snap shot by Sonny Milano.
11:26 of 1st period - Shot Misses the Net.
11:45 of 1st period - Snap shot by Mark McNeill.
11:45 of 1st period - Shot Misses the Net.
11:47 of 1st period - Slapshot by Andreas Englund.
11:47 of 1st period - Shot Misses the Net.
12:01 of 1st period - Snap shot by Travis Dermott.
12:01 of 1st period - Shot Misses the Net.
12:03 of 1st period - Minor Penalty to Danny Kristo for Checking from behind.
12:04 of 1st period - Joel Armia wins face-off versus Lucas Lessio in Griffins zone.
12:13 of 1st period - Wrist shot by Nicolas Kerdiles.
12:13 of 1st period - Stopped by Marcus Hogberg with a rebound.
12:15 of 1st period - Wrist shot by Markus Granlund.
12:15 of 1st period - Shot Blocked by Ian McCoshen.
12:19 of 1st period - Slapshot by Joel Armia.
12:19 of 1st period - Shot Blocked by Phil Oreskovic.
14:03 of 1st period - Penalty to Danny Kristo is over, Danny Kristo is back on ice.
14:08 of 1st period - Danny Kristo is hit by Hunter Shinkaruk and loses puck.
14:21 of 1st period - Snap shot by Sonny Milano.
14:21 of 1st period - Shot Blocked by Andreas Englund.
14:23 of 1st period - Snap shot by Garrett Wilson.
14:23 of 1st period - Stopped by Tristan Jarry without a rebound.
14:24 of 1st period - Greg McKegg wins face-off versus Lucas Wallmark in Admirals zone.
14:29 of 1st period - Snap shot by Garrett Wilson.
14:29 of 1st period - Shot Misses the Net.
14:31 of 1st period - Slapshot by Ryan Lindgren.
14:31 of 1st period - Shot Misses the Net.
14:33 of 1st period - Slapshot by Troy Terry.
14:33 of 1st period - Stopped by Tristan Jarry without a rebound.
14:34 of 1st period - Riley Armstrong wins face-off versus Nicolas Kerdiles in Admirals zone.
14:43 of 1st period - Snap shot by Joel Armia.
14:43 of 1st period - Shot Misses the Net.
14:59 of 1st period - Snap shot by Martin Frk.
14:59 of 1st period - Shot Misses the Net.
15:18 of 1st period - Off-side.
15:19 of 1st period - Anton Gustafsson wins face-off versus Mathew Barzal in neutral zone.
15:44 of 1st period - Riley Armstrong is hit by Mattias Backman and loses puck.
16:13 of 1st period - Martin Frk is hit by Brett Connolly.
16:25 of 1st period - Snap shot by Greg McKegg.
16:25 of 1st period - Shot Misses the Net.
16:41 of 1st period - Wrist shot by Anton Gustafsson.
16:41 of 1st period - Stopped by Marcus Hogberg with a rebound.
16:43 of 1st period - Snap shot by Mark McNeill.
16:43 of 1st period - Shot Misses the Net.
16:45 of 1st period - Wrist shot by Andreas Englund.
16:45 of 1st period - Shot Misses the Net.
16:47 of 1st period - Snap shot by Mark McNeill.
16:47 of 1st period - Shot Misses the Net.
16:49 of 1st period - Slapshot by Travis Dermott.
16:49 of 1st period - Shot Blocked by Dmitri Orlov.
16:51 of 1st period - Slapshot by Travis Dermott.
16:51 of 1st period - Shot Misses the Net.
17:01 of 1st period - Wrist shot by Greg McKegg.
17:01 of 1st period - Shot Blocked by Travis Dermott.
17:23 of 1st period - Wrist shot by Danny Kristo.
17:23 of 1st period - Stopped by Tristan Jarry without a rebound.
17:24 of 1st period - Freddie Hamilton wins face-off versus Mathew Barzal in Admirals zone.
17:31 of 1st period - Wrist shot by Mathew Barzal.
17:31 of 1st period - Shot Misses the Net.
17:33 of 1st period - Slapshot by Patrick Wiercioch.
17:33 of 1st period - Shot Misses the Net.
17:37 of 1st period - Slapshot by Brendan Woods.
17:37 of 1st period - Shot Misses the Net.
17:39 of 1st period - Snap shot by Brendan Woods.
17:39 of 1st period - Stopped by Tristan Jarry with a rebound.
18:10 of 1st period - Anton Gustafsson is hit by Greg McKegg and loses puck.
18:33 of 1st period - Snap shot by Martin Frk.
18:33 of 1st period - Deflect By Vladislav Namestnikov.
18:33 of 1st period - Shot Misses the Net.
18:33 of 1st period - Puck is out of play.
18:34 of 1st period - Lucas Wallmark wins face-off versus Riley Armstrong in Admirals zone.
18:38 of 1st period - Off-side.
18:39 of 1st period - Markus Granlund wins face-off versus Riley Armstrong in neutral zone.
19:46 of 1st period - Snap shot by Adam Gaudette.
19:46 of 1st period - Shot Blocked by Andreas Englund.
19:48 of 1st period - Wrist shot by Adam Gaudette.
19:48 of 1st period - Stopped by Tristan Jarry with a rebound.
19:58 of 1st period - Blake Geoffrion is hit by Danny Kristo and loses puck.
Goals for this period are 1 for Griffins vs 0 for Admirals.
Shots for this period are 10 for Griffins vs 5 for Admirals.
2nd period
0:01 of 2nd period - Markus Granlund wins face-off versus Riley Armstrong in neutral zone.
1:34 of 2nd period - Snap shot by Sonny Milano.
1:34 of 2nd period - Stopped by Tristan Jarry without a rebound.
1:35 of 2nd period - Lucas Wallmark wins face-off versus Vladislav Namestnikov in Admirals zone.
2:07 of 2nd period - Snap shot by Hunter Shinkaruk.
2:07 of 2nd period - Shot Misses the Net.
2:29 of 2nd period - Wrist shot by Riley Armstrong.
2:29 of 2nd period - Shot Blocked by Christian Djoos.
2:31 of 2nd period - Slapshot by Phil Oreskovic.
2:31 of 2nd period - Stopped by Tristan Jarry with a rebound.
2:33 of 2nd period - Wrist shot by Adam Gaudette.
2:33 of 2nd period - Shot Blocked by Christian Djoos.
2:35 of 2nd period - Wrist shot by Adam Gaudette.
2:35 of 2nd period - Stopped by Tristan Jarry with a rebound.
2:37 of 2nd period - Snap shot by Lucas Lessio.
2:37 of 2nd period - Shot Misses the Net.
3:22 of 2nd period - Wrist shot by Sonny Milano.
3:22 of 2nd period - Shot Blocked by Olli Juolevi.
3:24 of 2nd period - Wrist shot by Vladislav Namestnikov.
3:24 of 2nd period - Shot Misses the Net.
3:26 of 2nd period - Slapshot by Patrick Wiercioch.
3:26 of 2nd period - Shot Misses the Net.
3:28 of 2nd period - Snap shot by Sonny Milano.
3:28 of 2nd period - Stopped by Tristan Jarry without a rebound.
3:29 of 2nd period - Markus Granlund wins face-off versus Riley Armstrong in Admirals zone.
3:38 of 2nd period - Wrist shot by Nicolas Kerdiles.
3:38 of 2nd period - Goal by Nicolas Kerdiles - Griffins : 1 - Admirals : 1.
3:39 of 2nd period - Riley Armstrong wins face-off versus Markus Granlund in neutral zone.
3:45 of 2nd period - Minor Penalty to Riley Armstrong for Holding.
3:46 of 2nd period - Markus Granlund wins face-off versus Lucas Lessio in Griffins zone.
3:48 of 2nd period - Snap shot by Nicolas Kerdiles.
3:48 of 2nd period - Stopped by Marcus Hogberg with a rebound.
3:50 of 2nd period - Slapshot by Markus Granlund.
3:50 of 2nd period - Stopped by Marcus Hogberg without a rebound.
3:51 of 2nd period - Lucas Lessio wins face-off versus Markus Granlund in Griffins zone.
3:57 of 2nd period - Icing by Nicolas Kerdiles.
3:58 of 2nd period - Markus Granlund wins face-off versus Lucas Lessio in Admirals zone.
4:15 of 2nd period - Wrist shot by Markus Granlund.
4:15 of 2nd period - Stopped by Marcus Hogberg without a rebound.
4:16 of 2nd period - Anton Gustafsson wins face-off versus Lucas Lessio in Griffins zone.
4:23 of 2nd period - Snap shot by Anton Gustafsson.
4:23 of 2nd period - Deflect By Kasper Bjorkqvist.
4:23 of 2nd period - Shot Misses the Net.
4:23 of 2nd period - Puck is out of play.
4:24 of 2nd period - Lucas Lessio wins face-off versus Kasper Bjorkqvist in Griffins zone.
4:34 of 2nd period - Backhand shot by Andreas Englund.
4:34 of 2nd period - Stopped by Marcus Hogberg with a rebound.
4:36 of 2nd period - Slapshot by Andreas Englund.
4:36 of 2nd period - Stopped by Marcus Hogberg without a rebound.
4:37 of 2nd period - Markus Granlund wins face-off versus Lucas Lessio in Griffins zone.
4:52 of 2nd period - Slapshot by Travis Dermott.
4:52 of 2nd period - Stopped by Marcus Hogberg with a rebound.
4:54 of 2nd period - Snap shot by Nicolas Kerdiles.
4:54 of 2nd period - Shot Misses the Net.
5:04 of 2nd period - Anton Gustafsson is hit by Danny Kristo and loses puck.
5:45 of 2nd period - Penalty to Riley Armstrong is over, Riley Armstrong is back on ice.
6:00 of 2nd period - Wrist shot by Hunter Shinkaruk.
6:00 of 2nd period - Stopped by Marcus Hogberg without a rebound.
6:01 of 2nd period - Freddie Hamilton wins face-off versus Greg McKegg in Griffins zone.
6:10 of 2nd period - Slapshot by Garrett Wilson.
6:10 of 2nd period - Deflect By Greg McKegg.
6:10 of 2nd period - Shot Hit the Post.
6:10 of 2nd period - Puck is out of play.
6:11 of 2nd period - Freddie Hamilton wins face-off versus Greg McKegg in Admirals zone.
6:26 of 2nd period - Slapshot by Travis Dermott.
6:26 of 2nd period - Stopped by Marcus Hogberg with a rebound.
6:34 of 2nd period - Snap shot by Hunter Shinkaruk.
6:34 of 2nd period - Stopped by Marcus Hogberg without a rebound.
6:35 of 2nd period - Riley Armstrong wins face-off versus Markus Granlund in Griffins zone.
6:46 of 2nd period - Snap shot by Nicolas Kerdiles.
6:46 of 2nd period - Stopped by Marcus Hogberg with a rebound.
6:48 of 2nd period - Minor Penalty to Riley Armstrong for Hooking.
6:49 of 2nd period - Lucas Lessio wins face-off versus Markus Granlund in Griffins zone.
7:02 of 2nd period - Wrist shot by Travis Dermott.
7:02 of 2nd period - Deflect By Joel Armia.
7:02 of 2nd period - Shot Blocked by Phil Oreskovic.
7:02 of 2nd period - Puck is out of play.
7:03 of 2nd period - Markus Granlund wins face-off versus Lucas Lessio in Griffins zone.
8:48 of 2nd period - Penalty to Riley Armstrong is over, Riley Armstrong is back on ice.
9:20 of 2nd period - Mattias Backman is hit by Lucas Lessio and loses puck.
9:49 of 2nd period - Icing by Vladislav Namestnikov.
9:50 of 2nd period - Vladislav Namestnikov wins face-off versus Anton Gustafsson in Griffins zone.
10:07 of 2nd period - Slapshot by Sonny Milano.
10:07 of 2nd period - Shot Misses the Net.
10:09 of 2nd period - Snap shot by Filip Hronek.
10:09 of 2nd period - Stopped by Tristan Jarry without a rebound.
10:10 of 2nd period - Riley Armstrong wins face-off versus Markus Granlund in Admirals zone.
10:42 of 2nd period - Mark McNeill is hit by Brendan Woods and loses puck.
11:04 of 2nd period - Snap shot by Travis Dermott.
11:04 of 2nd period - Deflect By Freddie Hamilton.
11:04 of 2nd period - Shot Misses the Net.
11:04 of 2nd period - Puck is out of play.
11:05 of 2nd period - Markus Granlund wins face-off versus Lucas Lessio in Griffins zone.
11:16 of 2nd period - Snap shot by Markus Granlund.
11:16 of 2nd period - Deflect By Nicolas Kerdiles.
11:16 of 2nd period - Stopped by Marcus Hogberg with a rebound.
11:18 of 2nd period - Wrist shot by Joel Armia.
11:18 of 2nd period - Stopped by Marcus Hogberg with a rebound.
12:32 of 2nd period - Snap shot by Riley Armstrong.
12:32 of 2nd period - Deflect By Lucas Lessio.
12:32 of 2nd period - Shot Misses the Net.
12:32 of 2nd period - Puck is out of play.
12:33 of 2nd period - Riley Armstrong wins face-off versus Markus Granlund in Admirals zone.
12:38 of 2nd period - Wrist shot by Adam Gaudette.
12:38 of 2nd period - Shot Blocked by Joel Armia.
12:40 of 2nd period - Wrist shot by Adam Gaudette.
12:40 of 2nd period - Shot Misses the Net.
12:42 of 2nd period - Snap shot by Riley Armstrong.
12:42 of 2nd period - Shot Blocked by Carl Dahlstrom.
13:07 of 2nd period - Wrist shot by Nicolas Deslauriers.
13:07 of 2nd period - Shot Misses the Net.
14:10 of 2nd period - Slapshot by Travis Dermott.
14:10 of 2nd period - Deflect By Danny Kristo.
14:10 of 2nd period - Stopped by Marcus Hogberg without a rebound.
14:11 of 2nd period - Riley Armstrong wins face-off versus Markus Granlund in Griffins zone.
14:24 of 2nd period - Wrist shot by Joel Armia.
14:24 of 2nd period - Shot Misses the Net.
14:26 of 2nd period - Slapshot by Nicolas Kerdiles.
14:26 of 2nd period - Stopped by Marcus Hogberg with a rebound.
14:42 of 2nd period - Wrist shot by Adam Gaudette.
14:42 of 2nd period - Stopped by Tristan Jarry without a rebound.
14:43 of 2nd period - Anton Gustafsson wins face-off versus Mathew Barzal in Admirals zone.
15:18 of 2nd period - Wrist shot by Mathew Barzal.
15:18 of 2nd period - Shot Blocked by Lucas Wallmark.
15:20 of 2nd period - Slapshot by Dmitri Orlov.
15:20 of 2nd period - Deflect By Danny Kristo.
15:20 of 2nd period - Shot Misses the Net.
15:20 of 2nd period - Puck is out of play.
15:21 of 2nd period - Lucas Lessio wins face-off versus Markus Granlund in Admirals zone.
17:01 of 2nd period - Slapshot by Patrick Wiercioch.
17:01 of 2nd period - Stopped by Tristan Jarry without a rebound.
17:02 of 2nd period - Markus Granlund wins face-off versus Riley Armstrong in Admirals zone.
17:09 of 2nd period - Snap shot by Joel Armia.
17:09 of 2nd period - Stopped by Marcus Hogberg with a rebound.
17:37 of 2nd period - Snap shot by Danny Kristo.
17:37 of 2nd period - Shot Misses the Net.
17:39 of 2nd period - Slapshot by Danny Kristo.
17:39 of 2nd period - Deflect By Travis Dermott.
17:39 of 2nd period - Stopped by Tristan Jarry without a rebound.
17:40 of 2nd period - Anton Gustafsson wins face-off versus Mathew Barzal in Admirals zone.
17:40 of 2nd period - Anton Gustafsson is hit by Phil Oreskovic.
18:06 of 2nd period - Dmitri Orlov is hit by Joel Armia and loses puck.
19:32 of 2nd period - Nicolas Kerdiles is hit by Patrick Wiercioch and loses puck.
19:39 of 2nd period - Snap shot by Riley Armstrong.
19:39 of 2nd period - Shot Misses the Net.
19:55 of 2nd period - Lucas Wallmark is hit by Vladislav Namestnikov and loses puck.
Goals for this period are 0 for Griffins vs 1 for Admirals.
Shots for this period are 8 for Griffins vs 16 for Admirals.
3rd period
0:01 of 3rd period - Markus Granlund wins face-off versus Riley Armstrong in neutral zone.
0:03 of 3rd period - Off-side.
0:04 of 3rd period - Riley Armstrong wins face-off versus Markus Granlund in neutral zone.
0:14 of 3rd period - Off-side.
0:15 of 3rd period - Mathew Barzal wins face-off versus Markus Granlund in neutral zone.
0:18 of 3rd period - Nicolas Kerdiles is hit by Phil Oreskovic and loses puck.
0:23 of 3rd period - Snap shot by Danny Kristo.
0:23 of 3rd period - Stopped by Tristan Jarry without a rebound.
0:24 of 3rd period - Mathew Barzal wins face-off versus Markus Granlund in Admirals zone.
0:27 of 3rd period - Snap shot by Mathew Barzal.
0:27 of 3rd period - Deflect By Danny Kristo.
0:27 of 3rd period - Shot Blocked by Joel Armia.
0:27 of 3rd period - Puck is out of play.
0:28 of 3rd period - Riley Armstrong wins face-off versus Nicolas Kerdiles in Admirals zone.
0:29 of 3rd period - Snap shot by Lucas Lessio.
0:29 of 3rd period - Stopped by Tristan Jarry with a rebound.
0:45 of 3rd period - Slapshot by Markus Granlund.
0:45 of 3rd period - Stopped by Marcus Hogberg with a rebound.
1:06 of 3rd period - Snap shot by Lucas Lessio.
1:06 of 3rd period - Shot Misses the Net.
1:08 of 3rd period - Snap shot by Ryan Pulock.
1:08 of 3rd period - Shot Misses the Net.
1:10 of 3rd period - Wrist shot by Lucas Lessio.
1:10 of 3rd period - Shot Blocked by Blake Geoffrion.
1:12 of 3rd period - Slapshot by Ryan Pulock.
1:12 of 3rd period - Shot Misses the Net.
1:14 of 3rd period - Wrist shot by Lucas Lessio.
1:14 of 3rd period - Shot Blocked by Andreas Englund.
1:16 of 3rd period - Slapshot by Patrick Wiercioch.
1:16 of 3rd period - Stopped by Tristan Jarry with a rebound.
1:18 of 3rd period - Snap shot by Riley Armstrong.
1:18 of 3rd period - Stopped by Tristan Jarry with a rebound.
1:20 of 3rd period - Snap shot by Lucas Lessio.
1:20 of 3rd period - Griffins goal is going for a video replay.
1:20 of 3rd period - The goal is refused. The puck has been kicked using a distinct kicking motion..
1:21 of 3rd period - Mathew Barzal wins face-off versus Markus Granlund in Admirals zone.
1:36 of 3rd period - Wrist shot by Joel Armia.
1:36 of 3rd period - Goal by Joel Armia - Griffins : 1 - Admirals : 2.
1:37 of 3rd period - Markus Granlund wins face-off versus Mathew Barzal in neutral zone.
1:53 of 3rd period - Snap shot by Danny Kristo.
1:53 of 3rd period - Shot Misses the Net.
2:05 of 3rd period - Snap shot by Travis Dermott.
2:05 of 3rd period - Stopped by Marcus Hogberg with a rebound.
2:10 of 3rd period - Minor Penalty to Riley Armstrong for Holding Stick.
2:11 of 3rd period - Nicolas Kerdiles wins face-off versus Lucas Lessio in Griffins zone.
2:11 of 3rd period - Slapshot by Joel Armia.
2:11 of 3rd period - Shot Hit the Post.
2:17 of 3rd period - Snap shot by Nicolas Kerdiles.
2:17 of 3rd period - Goal by Nicolas Kerdiles - Griffins : 1 - Admirals : 3.
2:18 of 3rd period - Mathew Barzal wins face-off versus Markus Granlund in neutral zone.
2:21 of 3rd period - Wrist shot by Danny Kristo.
2:21 of 3rd period - Shot Misses the Net.
2:23 of 3rd period - Snap shot by Mathew Barzal.
2:23 of 3rd period - Stopped by Tristan Jarry without a rebound.
2:24 of 3rd period - Markus Granlund wins face-off versus Mathew Barzal in Admirals zone.
2:24 of 3rd period - Markus Granlund is hit by Brendan Woods.
2:27 of 3rd period - Minor Penalty to Travis Dermott for Roughing.
2:28 of 3rd period - Riley Armstrong wins face-off versus Markus Granlund in Admirals zone.
4:27 of 3rd period - Penalty to Travis Dermott is over, Travis Dermott is back on ice.
4:40 of 3rd period - Snap shot by Troy Terry.
4:40 of 3rd period - Shot Misses the Net.
4:42 of 3rd period - Backhand shot by Garrett Wilson.
4:42 of 3rd period - Shot Blocked by Andreas Englund.
5:02 of 3rd period - Snap shot by Freddie Hamilton.
5:02 of 3rd period - Deflect By Brett Connolly.
5:02 of 3rd period - Stopped by Marcus Hogberg with a rebound.
5:04 of 3rd period - Snap shot by Freddie Hamilton.
5:04 of 3rd period - Shot Misses the Net.
5:30 of 3rd period - Icing by Carl Dahlstrom.
5:31 of 3rd period - Markus Granlund wins face-off versus Vladislav Namestnikov in Admirals zone.
5:38 of 3rd period - Snap shot by Joel Armia.
5:38 of 3rd period - Stopped by Marcus Hogberg with a rebound.
5:50 of 3rd period - Markus Granlund is hit by Greg McKegg and loses puck.
5:57 of 3rd period - Wrist shot by Nicolas Kerdiles.
5:57 of 3rd period - Stopped by Marcus Hogberg with a rebound.
6:01 of 3rd period - Wrist shot by Markus Granlund.
6:01 of 3rd period - Shot Misses the Net.
6:03 of 3rd period - Snap shot by Joel Armia.
6:03 of 3rd period - Goal by Joel Armia - Griffins : 1 - Admirals : 4.
6:04 of 3rd period - Riley Armstrong wins face-off versus Nicolas Deslauriers in neutral zone.
6:04 of 3rd period - Riley Armstrong is hit by Mark McNeill.
6:09 of 3rd period - Phil Oreskovic is hit by Anton Gustafsson.
6:50 of 3rd period - Wrist shot by Vladislav Namestnikov.
6:50 of 3rd period - Deflect By Martin Frk.
6:50 of 3rd period - Stopped by Tristan Jarry with a rebound.
6:52 of 3rd period - Slapshot by Ian McCoshen.
6:52 of 3rd period - Deflect By Sonny Milano.
6:52 of 3rd period - Stopped by Tristan Jarry with a rebound.
6:54 of 3rd period - Wrist shot by Vladislav Namestnikov.
6:54 of 3rd period - Goal by Vladislav Namestnikov - Griffins : 2 - Admirals : 4.
6:55 of 3rd period - Markus Granlund wins face-off versus Riley Armstrong in neutral zone.
7:02 of 3rd period - Snap shot by Lucas Lessio.
7:02 of 3rd period - Stopped by Tristan Jarry with a rebound.
7:04 of 3rd period - Minor Penalty to Andreas Englund for Delaying the game.
7:05 of 3rd period - Riley Armstrong wins face-off versus Markus Granlund in Admirals zone.
8:21 of 3rd period - Snap shot by Blake Geoffrion.
8:21 of 3rd period - Shot Blocked by Mathew Barzal.
9:04 of 3rd period - Penalty to Andreas Englund is over, Andreas Englund is back on ice.
9:24 of 3rd period - Mattias Backman is hit by Ian McCoshen and loses puck.
10:16 of 3rd period - Minor Penalty to Phil Oreskovic for Slashing.
10:17 of 3rd period - Markus Granlund wins face-off versus Lucas Lessio in Griffins zone.
10:21 of 3rd period - Snap shot by Markus Granlund.
10:21 of 3rd period - Stopped by Marcus Hogberg without a rebound.
10:22 of 3rd period - Markus Granlund wins face-off versus Lucas Lessio in Griffins zone.
12:16 of 3rd period - Penalty to Phil Oreskovic is over, Phil Oreskovic is back on ice.
12:24 of 3rd period - Garrett Wilson is hit by Hunter Shinkaruk and loses puck.
13:33 of 3rd period - Slapshot by Dmitri Orlov.
13:33 of 3rd period - Shot Misses the Net.
13:35 of 3rd period - Snap shot by Garrett Wilson.
13:35 of 3rd period - Shot Hit the Post.
14:45 of 3rd period - Slapshot by Martin Frk.
14:45 of 3rd period - Stopped by Tristan Jarry with a rebound.
14:47 of 3rd period - Wrist shot by Vladislav Namestnikov.
14:47 of 3rd period - Stopped by Tristan Jarry without a rebound.
14:48 of 3rd period - Vladislav Namestnikov wins face-off versus Lucas Wallmark in Admirals zone.
15:01 of 3rd period - Snap shot by Kasper Bjorkqvist.
15:01 of 3rd period - Shot Misses the Net.
15:03 of 3rd period - Slapshot by Lucas Wallmark.
15:03 of 3rd period - Stopped by Marcus Hogberg with a rebound.
16:37 of 3rd period - Backhand shot by Riley Armstrong.
16:37 of 3rd period - Shot Blocked by Kasper Bjorkqvist.
16:55 of 3rd period - Wrist shot by Kasper Bjorkqvist.
16:55 of 3rd period - Shot Misses the Net.
16:57 of 3rd period - Snap shot by Blake Geoffrion.
16:57 of 3rd period - Stopped by Marcus Hogberg with a rebound.
17:03 of 3rd period - Wrist shot by Blake Geoffrion.
17:03 of 3rd period - Deflect By Lucas Lessio.
17:03 of 3rd period - Goal by Blake Geoffrion - Griffins : 2 - Admirals : 5.
17:04 of 3rd period - Markus Granlund wins face-off versus Mathew Barzal in neutral zone.
17:39 of 3rd period - Off-side.
17:40 of 3rd period - Riley Armstrong wins face-off versus Markus Granlund in neutral zone.
17:43 of 3rd period - Joel Armia is hit by Adam Gaudette and loses puck.
18:06 of 3rd period - Olli Juolevi is hit by Brendan Woods and loses puck.
18:15 of 3rd period - Slapshot by Mathew Barzal.
18:15 of 3rd period - Stopped by Tristan Jarry without a rebound.
18:16 of 3rd period - Markus Granlund wins face-off versus Mathew Barzal in Admirals zone.
18:53 of 3rd period - Slapshot by Phil Oreskovic.
18:53 of 3rd period - Shot Blocked by Nicolas Deslauriers.
19:11 of 3rd period - Slapshot by Blake Geoffrion.
19:11 of 3rd period - Stopped by Marcus Hogberg without a rebound.
19:12 of 3rd period - Mathew Barzal wins face-off versus Joel Armia in Griffins zone.
19:23 of 3rd period - Slapshot by Markus Granlund.
19:23 of 3rd period - Stopped by Marcus Hogberg without a rebound.
19:24 of 3rd period - Riley Armstrong wins face-off versus Markus Granlund in Griffins zone.
Goals for this period are 1 for Griffins vs 4 for Admirals.
Shots for this period are 13 for Griffins vs 14 for Admirals.